 Dungeon Crawl Stone Soup version 0.20.1-1-g8b1a95d (webtiles) character file.

9924 gobwax the Cleaver (level 11, -1/82 HPs)
             Began as a Hill Orc Fighter on July 4, 2017.
             Was a High Priest of Beogh.
             Killed from afar by a deep elf knight (32 damage)
             ... with a stone arrow
             ... on level 12 of the Dungeon.
             The game lasted 00:24:59 (8783 turns).

gobwax the Cleaver (Hill Orc Fighter)               Turns: 8783, Time: 00:24:59

Health: -1/82      AC: 14    Str: 23    XL:     11   Next: 54%
Magic:  12/12      EV:  7    Int:  4    God:    Beogh [*****.]
Gold:   744        SH: 30    Dex: 13    Spells: 10/10 levels left

rFire    + . .     SeeInvis .   y - +3 hand axe
rCold    . . .     Gourm    .   N - +10 large shield of Ignorance {rN+ Int-4}
rNeg     + . .     Faith    .   b - +0 scale mail
rPois    .         Spirit   .   I - +1 helmet
rElec    +         Reflect  .   i - +2 cloak
rCorr    .         Harm     .   t - +0 pair of gloves
MR       .....                  g - +0 pair of boots
Stlth    ..........             (no amulet)
Regen    0.3/turn               S - +3 ring of dexterity
MPRegen  0.2/turn               (no ring)

@: no status effects
A: walk on water, fire resistance 1, screaming 1, electricity resistance,
evolution 1
a: Smiting, Recall Orcish Followers, Give Item to Named Follower, Renounce
Religion


You were on level 12 of the Dungeon.
You worshipped Beogh.
Beogh was extremely pleased with you.
You were not hungry.

You visited 1 branch of the dungeon, and saw 12 of its levels.
You also visited: Ossuary.

You collected 744 gold pieces.

Inventory:

Hand Weapons
 a - a +0 war axe
 y - a +3 hand axe (weapon)
Armour
 b - a +0 scale mail (worn)
 g - a +0 pair of boots (worn)
 i - a +2 cloak (worn)
 t - a +0 pair of gloves (worn)
 H - a +1 hat
 I - a +1 helmet (worn)
 N - the +10 large shield of Ignorance (worn) {rN+ Int-4}
   (You found it on level 7 of the Dungeon)

   It affects your intelligence (-4).
   It protects you from negative energy.
Jewellery
 S - a +3 ring of dexterity (left hand)
 T - an uncursed ring of positive energy
Wands
 e - a wand of random effects (34/48)
 K - a wand of confusion (37/48)
 O - a wand of paralysis (13/24)
 X - a wand of random effects (20/48)
 Y - a wand of digging (15/24)
 Z - a wand of confusion (26/48)
Scrolls
 h - 3 scrolls of enchant weapon {unknown}
 j - 7 scrolls of remove curse {unknown}
 l - 3 scrolls of identify
 m - 2 scrolls of immolation {unknown}
 w - 2 scrolls of blinking {unknown}
 x - a scroll of random uselessness {unknown}
 D - 2 scrolls of teleportation {unknown}
 E - 3 scrolls of holy word {unknown}
 F - 3 scrolls of amnesia {unknown}
 G - a scroll of brand weapon
 M - a scroll of noise {unknown}
 W - a scroll of fog
Potions
 d - 5 potions of might
 k - a potion of brilliance {unknown}
 n - 5 potions of curing
 o - 5 potions of lignification {unknown}
 p - 3 potions of agility
 r - a potion of magic {unknown}
 s - 7 potions of haste
 u - 3 potions of heal wounds {unknown}
 v - 4 potions of flight {unknown}
 A - a potion of ambrosia {unknown}
 C - 2 potions of mutation {unknown}
 J - a potion of resistance {unknown}
 P - a potion of invisibility {unknown}
 Q - a potion of berserk rage {unknown}
Comestibles
 c - 5 chunks of flesh
 f - 12 bread rations
 q - 4 royal jellies
 z - 5 meat rations


   Skills:
 - Level 3.6 Fighting
 - Level 14.9 Axes
 - Level 3.2 Armour
 * Level 14.0 Shields
 - Level 2.2 Invocations


You had 10 spell levels left.
You didn't know any spells.

Dungeon Overview and Level Annotations

Branches:
Dungeon (12/15)            Temple (0/1) D:4            Lair (0/6) D:9
    Orc: D:9-12

Altars:
Beogh

Shops:
D:5 (   D:6 [[:   D:10 [


Innate Abilities, Weirdness & Mutations

You can walk on water.
Your flesh is heat resistant. (rF+)
You occasionally shout uncontrollably at your foes.
You are resistant to electric shocks. (rElec)
You evolve.


Message History

Found a stone staircase leading up.
You block the worker ant's attack.
The deep elf knight hits you with a long sword!
There is a stone staircase leading down, spattered with blood here.
You block the wight's attack. You block the deep elf knight's attack.
The worker ant bites you.
You climb downwards.
You shout at the kobold! 2 kobolds and a big kobold come into view.
The big kobold shouts!
The kobold shouts! x2; You hear an angry hiss.
You hear a shout! x3
There is a stone staircase leading up here.
An adder comes into view.
The adder hisses angrily.
You block the wight's attack.
Found a leather armour.
The deep elf knight points at you and mumbles some strange words.
You block the stone arrow.
The deep elf knight gestures at you while chanting.
The stone arrow hits you!
You die...

#. #....##.#.##
#........#.....
#..#.#.....#[#
#............
#.#.#.#...#
#.........
#.#.#S#.#.#.#.
#..ze.@.......
###K##########
#.# #.# .K# ...
.... ...K
......


You could see a deep elf knight, a wight, an adder and a kobold.

Vanquished Creatures
  5 two-headed ogres
  Pikel (D:7)
  The ghost of murphy the Cleaver, a novice DDFi of Makhleb (D:7)
  A merfolk (D:10)
  A troll (D:11)
  Grinder (D:6)
  6 yaks (D:10)
  A wyvern (D:8)
  2 hungry ghosts
  Edmund (D:5)
  Menkaure (D:5)
  A sky beast (D:10)
  A black bear (D:7)
  A phantom (D:9)
  A necrophage (D:8)
  4 ogres
  2 centaurs
  2 big kobolds
  4 bullfrogs
  An elf zombie (Ossuary)
  A wyvern skeleton (D:6)
  A scorpion (D:11)
  11 wights
  4 crimson imps
  3 howler monkeys
  7 hounds
  A jelly (D:10)
  2 human zombies (Ossuary)
  A bullfrog skeleton (D:7)
  2 orc priests
  2 centaur skeletons
  3 iguanas
  4 orc wizards
  6 worker ants
  5 big kobold zombies (Ossuary)
  3 mummies (Ossuary)
  A howler monkey zombie (D:5)
  A worker ant zombie (D:5)
  3 gnolls (D:6)
  9 adders
  2 oozes
  3 adder zombies
  2 adder skeletons (D:4)
  5 worms
  3 dart slugs
  6 leopard geckos
  16 orcs
  5 giant cockroaches
  A gnoll zombie (Ossuary)
  3 goblins (D:1)
  6 hobgoblins
  14 jackals
  12 kobolds
  4 quokkas
  3 ball pythons
  7 bats
  7 frilled lizards
  3 goblin zombies (Ossuary)
  2 hobgoblin zombies (Ossuary)
  4 jackal zombies (Ossuary)
  2 kobold zombies (Ossuary)
  2 leopard gecko skeletons (D:5)
  2 orc zombies (Ossuary)
  5 quokka zombies (Ossuary)
  3 rats
  5 rat zombies (Ossuary)
235 creatures vanquished.

Vanquished Creatures (collateral kills)
  A gargoyle (D:10)
  An ice beast (D:10)
  2 bullfrogs
  A scorpion (D:9)
  2 crimson imps
  A hound (D:9)
  An orc wizard (D:9)
  A shadow imp (D:9)
  An orc (D:9)
  A kobold (D:9)
12 creatures vanquished.

Vanquished Creatures (others)
  An orc priest (D:11)
  An orc warrior (D:9)
  An orc wizard (D:9)
  5 orcs
8 creatures vanquished.

Grand Total: 255 creatures vanquished

Notes
Turn   | Place    | Note
-------+----------+-------------------------------------------
     0 | D:1      | gobwax the Hill Orc Fighter began the quest for the Orb.
     0 | D:1      | Reached XP level 1. HP: 19/19 MP: 1/1
   108 | D:1      | Reached XP level 2. HP: 14/26 MP: 2/2
   818 | D:2      | Reached XP level 3. HP: 24/31 MP: 3/3
   952 | D:2      | Found a faded altar of an unknown god.
   960 | D:2      | Became a worshipper of Beogh the Brigand
   960 | D:2      | Reached * piety under Beogh
  1013 | D:2      | Reached skill level 5 in Axes
  1266 | D:2      | Reached XP level 4. HP: 39/39 MP: 4/4
  1685 | D:3      | Reached ** piety under Beogh
  1935 | D:3      | Reached XP level 5. HP: 45/45 MP: 5/5
  2271 | D:4      | Found a staircase to the Ecumenical Temple.
  2318 | D:4      | Reached XP level 6. HP: 38/51 MP: 6/6
  2878 | D:5      | Entered Level 5 of the Dungeon
  2918 | D:5      | Noticed Menkaure
  2924 | D:5      | Killed Menkaure
  2924 | D:5      | Reached XP level 7. HP: 43/57 MP: 3/7
  3024 | D:5      | Reached skill level 10 in Axes
  3024 | D:5      | Reached skill level 1 in Invocations
  3469 | D:5      | Found Dishraste's Weapon Shoppe.
  3938 | D:6      | Noticed Grinder
  3948 | D:6      | Paralysed by Grinder for 6 turns
  3961 | D:6      | Killed Grinder
  3961 | D:6      | Reached XP level 8. HP: 48/64 MP: 8/8
  4322 | D:6      | Found Ycitaf's Book Shoppe.
  4363 | D:6      | Noticed Edmund
  4421 | D:5      | Killed Edmund
  4780 | D:6      | Found Zurhum's Antique Armour Emporium.
  4928 | D:6      | Found Raoph's Antique Armour Emporium.
  4991 | D:6      | Reached XP level 9. HP: 70/70 MP: 10/10
  5171 | D:7      | Noticed Pikel
  5195 | D:7      | Killed Pikel
  5314 | D:7      | Noticed murphy's ghost (novice DDFi)
  5667 | D:7      | Killed murphy's ghost
  5667 | D:7      | Reached skill level 5 in Shields
  6073 | D:8      | Found a sand-covered staircase.
  6078 | Ossuary  | Entered an ossuary
  6304 | Ossuary  | Reached *** piety under Beogh
  6452 | Ossuary  | Reached XP level 10. HP: 70/77 MP: 11/11
  6571 | Ossuary  | Reached **** piety under Beogh
  6679 | D:8      | Noticed a two-headed ogre
  6689 | D:8      | Killed a two-headed ogre
  6753 | D:8      | Noticed a two-headed ogre
  6774 | D:8      | Killed a two-headed ogre
  6774 | D:8      | Reached skill level 10 in Shields
  7248 | D:10     | Entered Level 10 of the Dungeon
  7276 | D:10     | Gained mutation: You occasionally shout uncontrollably at your foes. [mutagenic meat]
  7277 | D:10     | Gained mutation: You have sharp toenails. [mutagenic meat]
  7278 | D:10     | Lost mutation: You have sharp toenails. [mutagenic meat]
  7279 | D:10     | Gained mutation: You evolve. [mutagenic meat]
  7280 | D:10     | Gained mutation: Your flesh is heat resistant. (rF+) [mutagenic meat]
  7332 | D:9      | Gained Zartorak as an ally
  7529 | D:9      | Found a staircase to the Lair.
  7712 | D:10     | Noticed a two-headed ogre
  7727 | D:10     | Killed a two-headed ogre
  7740 | D:10     | Reached XP level 11. HP: 68/82 MP: 12/12
  7796 | D:10     | Found Ampik's Antique Armour Boutique.
  7845 | D:10     | Gained mutation: You are resistant to electric shocks. (rElec) [evolution]
  7927 | D:10     | Noticed a two-headed ogre
  7943 | D:10     | Killed a two-headed ogre
  8041 | D:10     | Reached ***** piety under Beogh
  8616 | D:11     | Noticed a two-headed ogre
  8633 | D:11     | Killed a two-headed ogre
  8684 | D:11     | Noticed a deep elf knight
  8686 | D:11     | Noticed an enchanted demon blade
  8687 | D:11     | Noticed an orc knight
  8701 | D:11     | Your ally Zartorak died
  8783 | D:12     | Killed from afar by a deep elf knight

Skill      XL: |  1  2  3  4  5  6  7  8  9 10 11 |
---------------+----------------------------------+-----
Axes           | 3 4 5 6 8 9 11 13 14 | 14.9
Invocations    | 1 2 |  2.2
Shields        | 7 12 14 | 14.0
Fighting       | |  3.6
Armour         | |  3.2

Action                   |  1- 3 |  4- 6 |  7- 9 | 10-12 || total
-------------------------+-------+-------+-------+-------++-------
Melee: War axe           |   111 |   113 |       |       ||   224
       Hand axe          |       |    71 |   407 |   463 ||   941
Invok: Smiting           |       |     1 |     3 |     2 ||     6
  Use: Scroll            |       |     1 |     1 |     8 ||    10
 Stab: Distracted        |       |       |       |     1 ||     1
  Eat: Chunk             |     1 |     5 |     8 |    14 ||    28
       Meat ration       |       |       |     1 |       ||     1
Armor: Scale mail        |    93 |   107 |   115 |    48 ||   363
Dodge: Dodged            |    74 |    75 |    72 |    23 ||   244
Block: Shield            |     4 |       |       |       ||     4
       Large shield      |       |       |   111 |   433 ||   544
